 Dungeon Crawl Stone Soup version 0.12.2-9-gf1dcfd2 (webtiles) character file.

154 Kigal the Gusty (level 4, -3/24 HPs)
             Began as a Tengu Air Elementalist on July 4, 2013.
             Slain by a worker ant (6 damage)
             ... on Level 3 of the Dungeon.
             The game lasted 00:14:53 (2464 turns).

Kigal the Gusty (Tengu Air Elementalist)            Turns: 2464, Time: 00:14:53

HP  -3/24        AC  3     Str  8      XL: 4   Next:  3%
MP   0/8         EV 13     Int 16      God:
Gold 95          SH  0     Dex 15      Spells:  3 memorised,  0 levels left

Res.Fire  : x . .   See Invis. : .   e - +2 short sword
Res.Cold  : + . .   Warding    : .   a - +0 robe
Life Prot.: . . .   Conserve   : .   (no shield)
Res.Poison: .       Res.Corr.  : .   (helmet restricted)
Res.Elec. : .       Clarity    : .   (no cloak)
Sust.Abil.: . .     Spirit.Shd : .   o - +0 pair of elf gauntlets
Res.Mut.  : .       Stasis     : .   (boots unavailable)
Res.Rott. : .       Ctrl.Telep.: .   (no amulet)
Saprovore : . . .   Flight     : .   (no ring)
                                     j - ring of ice

@: mildly poisoned, very slightly contaminated, slightly resistant to hostile
enchantments, fairly stealthy
A: beak, talons 3
a: no special abilities


You were on level 3 of the Dungeon.
You were very hungry.

You visited 1 branch of the dungeon, and saw 4 of its levels.

You collected 75 gold pieces.

Inventory:

Hand weapons
 e - a +2,+2 short sword (weapon)
 i - a +0,+0 dagger (quivered)
Armour
 a - a +0 robe (worn)
 o - a +0 pair of elven gauntlets (worn)
Comestibles
 c - 2 bread rations
Scrolls
 h - a scroll of identify {unknown}
 l - a scroll of blinking {unknown}
 n - a scroll of recharging {unknown}
 p - a scroll of curse armour {unknown}
 q - a scroll of fog {unknown}
 r - a scroll of noise {unknown}
 s - a scroll of random uselessness {unknown}
Jewellery
 j - a ring of ice (left hand)
Potions
 d - a potion of paralysis {unknown}
 f - 3 potions of heal wounds {unknown}
 g - 2 potions of restore abilities {unknown}
 k - a potion of invisibility
 m - a potion of mutation {unknown}
Books
 b - a book of Air

   Spells                             Type                      Level
   *Shock                             Conjuration/Air              1
   Swiftness                          Charms/Air                   2
   *Repel Missiles                    Charms/Air                   2
   Flight                             Charms/Air                   3
   *Static Discharge                  Conjuration/Air              3
   Lightning Bolt                     Conjuration/Air              5


   Skills:
 - Level 2.3 Dodging
 - Level 2.0 Stealth
 + Level 1.8 Spellcasting
 + Level 2.5 Conjurations
 + Level 5.2 Air Magic


You couldn't memorise any spells.
You knew the following spells:

 Your Spells              Type           Power        Failure   Level  Hunger
a - Shock                 Conj/Air       ###..        6%          1    ##.....
b - Repel Missiles        Chrm/Air       ##........   12%         2    ###....
c - Static Discharge      Conj/Air       ###......    14%         3    ####...


Dungeon Overview and Level Annotations

Branches:
Dungeon (4/27)
 Temple: D:4-7

Altars:
the Shining One

Annotations
D:4 Sigmund


Innate Abilities, Weirdness & Mutations

You have a beak for a mouth.
You have claws for feet.


Message History

Found a scroll labeled OZXAEN MERCHUL.
Found a glowing golden altar of the Shining One.
There is a stone staircase leading down here.
Casting: Shock
Confirm with . or Enter, or press ? or * to list all spells.
The worker ant is struck by lightning.
The worker ant is severely wounded.
The lightning arcs!
You are struck by lightning.
* * * LOW HITPOINT WARNING * * *
The lightning grounds out.
* * * LOW HITPOINT WARNING * * *
You feel sick.
The ooze quivers.
The worker ant barely misses you.
You hit the worker ant.
You claw the worker ant, but do no damage.
You peck the worker ant.
The worker ant is almost dead.
The worker ant bites you.
You die...

### ..# #.#
#####.##
#.....a#
#....@_#
#....J..s...#
#........####..
###......#
##.##### #? #


You could see an ooze, a worker ant and a giant cockroach (sleeping).

Vanquished Creatures
  The ghost of Thrillho the Firebug, a weakling DEFE (D:4)
  An adder (D:4)
  2 giant geckos
  10 bats
  A giant cockroach (D:2)
  3 goblins
  7 hobgoblins
  A giant gecko skeleton (D:4)
  A jackal skeleton (D:4)
  8 kobolds
  A quokka (D:4)
  4 rats
40 creatures vanquished.

Notes
Turn   | Place    | Note
--------------------------------------------------------------
     0 | D:1      | Kigal, the Tengu Air Elementalist, began the quest for the Orb.
     0 | D:1      | Reached XP level 1. HP: 10/10 MP: 3/3
   426 | D:1      | Reached XP level 2. HP: 3/15 MP: 1/5
   658 | D:1      | Learned a level 2 spell: Repel Missiles
  1365 | D:2      | Reached XP level 3. HP: 19/19 MP: 4/7
  1886 | D:2      | Reached skill level 5 in Air Magic
  1920 | D:2      | You fall through a shaft!
  2088 | D:4      | Noticed Thrillho's ghost (weakling DEFE)
  2094 | D:4      | Killed Thrillho's ghost
  2094 | D:4      | Reached XP level 4. HP: 7/24 MP: 4/8
  2250 | D:4      | Learned a level 3 spell: Static Discharge
  2305 | D:4      | Noticed Sigmund
  2462 | D:3      | Found a glowing golden altar of the Shining One.
  2464 | D:3      | Slain by a worker ant

Action                   |  1- 3 |  4- 6 || total
-------------------------+-------+-------++-------
Melee: Short sword       |    30 |     1 ||    31
Throw: Dagger            |     1 |       ||     1
 Cast: Shock             |    72 |     6 ||    78
       Static Discharge  |       |     2 ||     2
